 Dungeon Crawl Stone Soup version 0.25-a0-589-g1e14c549ee (webtiles) character file.

Game seed: 10161490367589982574, levelgen mode: deterministic

13395 Gargoyl the Protected (level 11, -7/92 HPs)
             Began as a Centaur Abyssal Knight on Mar 12, 2020.
             Was an Elder of Lugonu.
             Mangled by a porcupine (8 damage)
             ... on level 4 of the Lair of Beasts.
             The game lasted 00:17:35 (14443 turns).

Gargoyl the Protected (Centaur Abyssal Knight)     Turns: 14443, Time: 00:17:35

Health: -7/92      AC: 21    Str: 17    XL:     11   Next: 75%
Magic:  19/19      EV:  3    Int: 11    God:    Lugonu [****..]
Gold:   443        SH:  9    Dex: 10    Spells: 10/10 levels left

rFire    + + .     SeeInvis .   p - +2 hand axe (flame)
rCold    + . .     Gourm    .   s - +0 kite shield
rNeg     . . .     Faith    .   j - +2 plate armour {rF+}
rPois    +         Spirit   .   h - +0 helmet
rElec    +         Reflect  .   r - +1 cloak
rCorr    +         Harm     .   m - +2 pair of gloves
MR       .....                  (no barding)
Stlth    ..........             (no amulet)
HPRegen  0.25/turn              b - ring of poison resistance
MPRegen  0.16/turn              x - ring of flight

@: resistant, very quick
A: large, fangs 1, hooves 3, deformed body, speed 2, high mp 1, tough skin 3,
wild magic 2, evolution 1
a: Depart the Abyss, Bend Space, Banish, Corrupt, Renounce Religion, Evoke
Flight


You were on level 4 of the Lair of Beasts.
You worshipped Lugonu.
Lugonu was greatly pleased with you.
You were not hungry.

You visited 2 branches of the dungeon, and saw 12 of its levels.
You visited the Abyss 1 time.

You collected 531 gold pieces.
You spent 88 gold pieces at shops.

Inventory:

Hand Weapons
 a - a +3 hand axe of venom
 p - a +2 hand axe of flaming (weapon)
Missiles
 g - 7 boomerangs (quivered)
Armour
 e - the +2 scale mail of the Rose {rElec}
   (You found it on level 2 of the Abyss)

   It insulates you from electricity.
 h - a +0 helmet (worn)
 j - a +2 plate armour of fire resistance (worn)
 m - a +2 pair of gloves (worn)
 r - a +1 cloak (worn)
 s - a +0 kite shield (worn)
Jewellery
 b - a ring of poison resistance (left hand)
 x - a ring of flight (right hand)
 A - a +4 ring of intelligence {unknown}
 B - an uncursed ring of protection from cold {unknown}
Wands
 t - a wand of paralysis (14)
 w - a wand of digging (8)
 y - a wand of iceblast (22)
Scrolls
 d - 6 scrolls of identify
 l - 7 scrolls of teleportation
 n - 3 scrolls of magic mapping
 o - 6 scrolls of remove curse
Potions
 f - 2 potions of might
 i - 3 potions of invisibility
 q - a potion of magic
 u - 2 potions of berserk rage
 v - a potion of haste
 z - a potion of brilliance
Comestibles
 c - 11 rations
 C - a chunk of flesh


   Skills:
 + Level 7.0 Fighting
 + Level 8.3 Axes
 + Level 0.6 Throwing
 * Level 9.1 Armour
 + Level 3.7 Dodging
 * Level 4.2 Shields
 * Level 8.5 Invocations
 + Level 0.4 Evocations


You had 10 spell levels left.
You didn't know any spells.
Your spell library contained the following spells:

 Spells                   Type           Power        Failure   Level  Hunger
 Animate Skeleton         Necr           N/A          100%        1    ##.....
 Pain                     Necr           #...         100%        1    ##.....
 Sting                    Tmut/Pois      #...         100%        1    ##.....
 Poisonous Vapours        Pois/Air       #.....       100%        2    ###....
 Confusing Touch          Hex            #.......     100%        3    ####...
 Conjure Flame            Conj/Fire      #.......     100%        3    ####...
 Gell's Gravitas          Tloc           #.........   100%        3    ####...
 Mephitic Cloud           Conj/Pois/Air  #.......     100%        3    ####...
 Vampiric Draining        Necr           #.........   100%        3    ####...
 Animate Dead             Necr           N/A          100%        4    #####..
 Cause Fear               Hex            #.........   100%        4    #####..
 Petrify                  Tmut/Erth      #.......     100%        4    #####..
 Agony                    Necr           #.......     100%        5    ######.
 Metabolic Englaciation   Hex/Ice        #.........   100%        5    ######.
 Silence                  Hex/Air        #.........   100%        5    ######.
 Yara's Violent Unravell  Hex/Tmut       #.........   100%        5    ######.
 Deflect Missiles         Chrm/Air       #.........   100%        6    #######
 Freezing Cloud           Conj/Ice/Air   #.........   100%        6    #######
 Ring of Flames           Chrm/Fire      #.........   100%        7    #######
 Discord                  Hex            #.........   100%        8    #######


Dungeon Overview and Level Annotations

Branches:
Dungeon (8/15)             Temple (0/1) D:7            Lair (4/6) D:8
  Snake (0/4) Lair:3
  Swamp: Lair:2-4    Shoals: Lair:2-4

Altars:
Elyvilon
Hepliaklqana
Kikubaaqudgha
Ru
Sif Muna

Shops:
D:6 *

Portals:
Abyss: D:4

Annotations:
D:4 2 transporters


Innate Abilities, Weirdness & Mutations

You have hooves in place of feet.
Armour fits poorly on your strangely shaped body.
You cover ground very quickly.
You have extremely tough skin. (AC +3)
You have very sharp teeth.
You have an increased reservoir of magic. (+10% MP)
Your spells are harder to cast, but more powerful.
You evolve.


Message History

A komodo dragon comes into view.
The komodo dragon hisses angrily.
You hack one of the four-headed hydra's heads off!
The flame cauterises the wound!
You hit the three-headed hydra. You burn the three-headed hydra.
The three-headed hydra is heavily wounded.
You are struck by the porcupine's spines.
* * * LOW HITPOINT WARNING * * *
You barely miss the porcupine. The porcupine bites you!
* * * LOW HITPOINT WARNING * * *
You block the three-headed hydra's attack. x2
The three-headed hydra bites you!
* * * LOW HITPOINT WARNING * * *
Okay, then.
Okay, then.
Okay, then.
It was a potion of resistance.
You feel protected. The porcupine bites you!
You die...

#... #..l
#...P #....
## #....#
..## #....##
....=
#...D#......
#P..@.......
###.r.......
##........
.#....... #
#......
......
......
......


You could see a three-headed hydra, a komodo dragon and a porcupine.

Vanquished Creatures
  A hydra (Lair:2)
  Pikel (D:6)
  A black mamba (Lair:2)
  4 spiny frogs
  3 rime drakes
  A komodo dragon (Lair:1)
  A troll (D:8)
  4 hippogriffs
  3 blink frogs (Lair:1)
  A wyvern (Lair:1)
  2 basilisks
  15 yaks
  A hungry ghost (D:7)
  3 nagas (Lair:3)
  8 porcupines
  5 water moccasins
  A necrophage (D:4)
  2 orc warriors
  A sky beast (D:5)
  An ice beast (D:6)
  A phantom (D:5)
  5 ogres
  2 centaurs
  5 crocodiles
  A wyvern zombie (D:6)
  4 bullfrogs
  4 scorpions
  4 wights (D:7)
  2 crimson imps
  A bullfrog zombie (D:5)
  2 centaur zombies
  2 orc priests
  3 hounds
  5 jellies
  4 bullfrog skeletons
  An iguana (D:6)
  Natasha (D:3)
  3 orc wizards (D:8)
  5 worker ants
  A killer bee zombie (D:6)
  4 gnolls (D:4)
  4 adders
  A shadow imp (D:5)
  2 oozes
  An adder zombie (D:7)
  A worm (D:3)
  4 dart slugs
  7 leopard geckos
  15 orcs
  3 bats
  2 giant cockroaches
  2 goblins (D:2)
  5 hobgoblins
  8 kobolds
  2 quokkas
  2 ball pythons
  2 frilled lizards
  A jackal skeleton (D:5)
  2 leopard gecko skeletons
  3 quokka skeletons
  5 rats
  5 fungi
196 creatures vanquished.

Vanquished Creatures (others)
  2 two-headed ogres (D:8)
  A slave (D:6)
  A bullfrog (D:6)
  A scorpion (D:6)
  3 fungi
  A plant (Lair:4)
9 creatures vanquished.

Grand Total: 205 creatures vanquished

Notes
Turn   | Place    | Note
-------+----------+-------------------------------------------
     0 | Abyss:1  | Gargoyl the Centaur Abyssal Knight began the quest for the
                  | Orb.
     0 | Abyss:1  | Reached XP level 1. HP: 19/19 MP: 2/2
   131 | Abyss:2  | Got a faintly glowing scale mail
   139 | Abyss:2  | Noticed a small abomination
   139 | Abyss:2  | Noticed a tentacled starspawn
   140 | Abyss:2  | Noticed a starcursed mass
   142 | Abyss:2  | Identified the +2 scale mail of the Rose {rElec} (You found
                  | it on level 2 of the Abyss)
   142 | D:1      | Escaped the Abyss
   343 | D:1      | Reached XP level 2. HP: 23/26 MP: 3/3
   370 | D:1      | You fall into a shaft and drop 1 floor!
   455 | D:2      | Reached skill level 1 in Dodging
   614 | D:2      | Reached * piety under Lugonu
   626 | D:2      | Reached XP level 3. HP: 31/31 MP: 4/4
   790 | D:2      | Reached XP level 4. HP: 38/40 MP: 5/5
  1684 | D:3      | Reached skill level 2 in Armour
  1770 | D:3      | Noticed Natasha
  1783 | D:3      | Killed Natasha
  2369 | D:3      | Reached ** piety under Lugonu
  2377 | D:3      | Reached XP level 5. HP: 46/46 MP: 7/7
  2514 | D:4      | Noticed a necrophage
  2528 | D:4      | Killed a necrophage
  2659 | D:4      | Reached XP level 6. HP: 51/51 MP: 8/8
  3163 | D:4      | Found a transporter.
  3236 | D:4      | Found a transporter.
  3236 | D:4      | Found a one-way gate to the infinite horrors of the Abyss.
  3244 | D:4      | Reached skill level 3 in Armour
  3263 | D:4      | You fall into a shaft and drop 3 floors!
  3263 | D:7      | Noticed a water moccasin
  3282 | D:7      | Killed a water moccasin
  3282 | D:7      | Reached XP level 7. HP: 56/59 MP: 9/9
  3543 | D:6      | Found Kosmym Idae's General Store.
  3741 | D:6      | Bought a potion of mutation for 88 gold pieces
  3741 | D:6      | Gained mutation: You have a pair of small antennae on your
                  | head. [potion of mutation]
  3741 | D:6      | Gained mutation: You are somewhat resistant to further
                  | mutation. [potion of mutation]
  3808 | D:5      | Entered Level 5 of the Dungeon
  4562 | D:5      | Reached XP level 8. HP: 53/66 MP: 11/11
  4872 | D:5      | Lost mutation: You have a pair of small antennae on your
                  | head. [potion of mutation]
  4872 | D:5      | Lost mutation: You are somewhat resistant to further
                  | mutation. [potion of mutation]
  4872 | D:5      | Gained mutation: You have very sharp teeth. [potion of
                  | mutation]
  4872 | D:5      | Gained mutation: You are clumsy. (Dex -2) [potion of
                  | mutation]
  4872 | D:5      | Gained mutation: You evolve. [potion of mutation]
  4937 | D:5      | You fall into a shaft and drop 3 floors!
  4959 | D:7      | Reached skill level 4 in Armour
  4988 | D:7      | Reached skill level 5 in Axes
  5008 | D:7      | Found a staircase to the Ecumenical Temple.
  5069 | D:6      | Noticed Pikel
  5091 | D:6      | Killed Pikel
  5091 | D:6      | Reached skill level 5 in Fighting
  5091 | D:6      | Reached skill level 5 in Invocations
  5422 | D:6      | Reached skill level 5 in Armour
  5604 | D:6      | Reached XP level 9. HP: 61/73 MP: 12/12
  6027 | D:5      | Gained mutation: You have an increased reservoir of magic.
                  | (+10% MP) [evolution]
  6089 | D:6      | Reached *** piety under Lugonu
  6604 | D:7      | Found a hazy altar of Hepliaklqana.
  6622 | D:7      | Found an ancient bone altar of Kikubaaqudgha.
  6624 | D:7      | Found a sacrificial altar of Ru.
  6626 | D:7      | Found a white marble altar of Elyvilon.
  7309 | D:8      | Noticed a two-headed ogre
  7312 | D:8      | Banished a two-headed ogre
  7312 | D:8      | Reached skill level 6 in Armour
  7312 | D:8      | Reached skill level 1 in Shields
  7596 | D:8      | Found a shimmering blue altar of Sif Muna.
  7741 | D:8      | Identified Sif Muna's Tome of Contamination
  7830 | D:8      | Found a staircase to the Lair.
  7861 | D:8      | Lost mutation: You are clumsy. (Dex -2) [evolution]
  7953 | D:8      | Noticed a troll
  7971 | D:8      | Killed a troll
  8023 | D:8      | Noticed a two-headed ogre
  8024 | D:8      | Banished a two-headed ogre
  8024 | D:8      | Reached XP level 10. HP: 18/83 MP: 14/16
  8755 | Lair:1   | Entered Level 1 of the Lair of Beasts
  9341 | Lair:1   | Noticed a spiny frog
  9353 | Lair:1   | Killed a spiny frog
  9353 | Lair:1   | Reached skill level 7 in Armour
 10679 | Lair:2   | Noticed a four-headed hydra
 10684 | Lair:2   | Killed a one-headed hydra
 10780 | Lair:2   | Gained mutation: Your spells are a little harder to cast,
                  | but a little more powerful. [evolution]
 10819 | Lair:2   | Noticed a black mamba
 10832 | Lair:2   | Killed a black mamba
 11025 | Lair:2   | Reached skill level 8 in Armour
 11025 | Lair:2   | Reached XP level 11. HP: 69/91 MP: 18/18
 12930 | Lair:3   | Found a staircase to the Snake Pit.
 13097 | Lair:3   | Reached **** piety under Lugonu
 13485 | Lair:3   | Gained mutation: Your spells are harder to cast, but more
                  | powerful. [evolution]
 14249 | Lair:4   | Noticed a seven-headed hydra
 14259 | Lair:3   | Reached skill level 9 in Armour
 14442 | Lair:4   | HP: 1/92 [three-headed hydra (11)]
 14443 | Lair:4   | Mangled by a porcupine

Levels and vault maps discovered:
D:1:      enne_arrival_octagon_isle, layout_loops_ring
D:2:      layout_loops_ring, first_ration
D:3:      layout_basic, nicolae_overflow_crystal_walls,
          nicolae_underground_beach, uniq_natasha
D:4:      layout_layer_cave, grunt_temple_overflow_order_and_chaos_2,
          kennysheep_slug_shrine, serial_rivers, chequers_serial_rivers_room_b,
          chequers_serial_rivers_room_a, chequers_serial_rivers_room_b,
          chequers_serial_rivers_micro_e, chequers_serial_rivers_room_b,
          gammafunk_ghost_abyssal_escape
D:5:      layout_basic
D:6:      layout_basic, serial_shops, shop, uniq_pikel
D:7:      layout_cave_pods, grunt_temple_overflow_open,
          minmay_temple_entry_junction, serial_rivers,
          chequers_serial_rivers_marsh, chequers_serial_rivers_large_a,
          chequers_serial_rivers_room_b, chequers_serial_rivers_micro_b,
          chequers_serial_rivers_small_b, lemuel_altar_in_water
D:8:      layout_loops_ring, dpeg_oklobed_lair, led_sif_book
Lair:1:   layout_roguey
Lair:2:   layout_roguey
Lair:3:   layout_gridlike, minmay_snake_entry_guardpost_small
Lair:4:   layout_concentric_octagons, skrybe_swamp_entry_bodies,
          lemuel_fruit_fields

Skill      XL: |  1  2  3  4  5  6  7  8  9 10 11 |
---------------+----------------------------------+-----
Dodging        | 1 2 3 |  3.7
Axes           | 2 3 4 5 6 7 8 |  8.3
Armour         | 2 3 5 6 8 9 |  9.1
Fighting       | 4 5 6 7 |  7.0
Invocations    | 3 4 5 6 7 8 |  8.5
Shields        | 1 3 4 |  4.2
Throwing       | |  0.6
Evocations     | |  0.4

Action                   |  1- 3 |  4- 6 |  7- 9 | 10-12 || total
-------------------------+-------+-------+-------+-------++-------
Melee: Hand axe          |    54 |   173 |   391 |   378 ||   996
       Kick              |    14 |    40 |    96 |   123 ||   273
       Bite              |       |       |    22 |    42 ||    64
Throw: Boomerang         |       |       |     2 |     2 ||     4
Invok: Depart the Abyss  |     1 |       |       |       ||     1
       Banish            |       |       |     2 |     1 ||     3
       Bend Space        |       |       |     1 |       ||     1
Evoke: Wand              |       |       |     4 |     5 ||     9
  Use: Potion            |     1 |     2 |     6 |     1 ||    10
       Scroll            |       |     6 |     7 |     8 ||    21
 Stab: Paralysed         |       |       |    10 |     9 ||    19
       Sleeping          |       |       |     3 |       ||     3
  Eat: Chunk             |       |     6 |    12 |     8 ||    26
       Ration            |       |       |     3 |     3 ||     6
Armor: Scale mail        |    36 |   111 |   187 |       ||   334
       Plate armour      |       |       |    36 |   281 ||   317
Dodge: Dodged            |    19 |    70 |    89 |    38 ||   216
Block: Kite shield       |       |       |    41 |   150 ||   191

Table legend:
 A = Non-vault XP
 B = Vault XP
 C = Vault XP percentage of total XP
 D = Non-vault monster count
 E = Vault monster count
 F = Vault count percentage of total count
                 A         B        C        D         E       F
            +---------+---------+-------+---------+---------+-------
      Total |   17870 |    1266 |   6.6 |     186 |       7 |   3.6
            +---------+---------+-------+---------+---------+-------
        D:1 |      27 |       0 |   0.0 |      13 |       0 |   0.0
        D:2 |      93 |       0 |   0.0 |      19 |       0 |   0.0
        D:3 |      87 |      36 |  29.3 |      15 |       1 |   6.2
        D:4 |     401 |       0 |   0.0 |      14 |       0 |   0.0
        D:5 |     619 |       0 |   0.0 |      12 |       0 |   0.0
        D:6 |     765 |     673 |  46.8 |      14 |       1 |   6.7
        D:7 |     939 |       0 |   0.0 |      17 |       0 |   0.0
        D:8 |    2563 |      71 |   2.7 |      29 |       2 |   6.5
     Lair:1 |    2921 |       0 |   0.0 |      13 |       0 |   0.0
     Lair:2 |    3109 |       0 |   0.0 |       9 |       0 |   0.0
     Lair:3 |    6346 |     486 |   7.1 |      31 |       3 |   8.8
            +---------+---------+-------+---------+---------+-------
